 Dungeon Crawl Stone Soup version 0.30-a0-385-gfebfb9b408 (webtiles) character file.

Game seed: 9314006519741593945

51 vineage the Trooper (level 3, -9/41 HPs)
             Began as an Ogre Fighter on Dec 2, 2022.
             Killed from afar by Crazy Yiuf (14 damage)
             ... with a bolt of light
             ... on level 2 of the Dungeon.
             The game lasted 00:02:00 (1996 turns).

vineage the Trooper (Ogre Fighter)                  Turns: 1996, Time: 00:02:00

Health: -9/41      AC:  4    Str: 22    XL:     3   Next: 81%
Magic:  0/3        EV:  8    Int:  9    God:
Gold:   118        SH:  7    Dex:  8    Spells: 2/2 levels left

rFire   . . .      SeeInvis .    a - +1 flail
rCold   . . .      Faith    .    c - +0 kite shield
rNeg    . . .      Spirit   +    b - +0 robe
rPois   .          Reflect  .    (helmet restricted)
rElec   .          Harm     .    q - +0 cloak
rCorr   .          Rampage  .    (gloves unavailable)
Will    .....                    (boots unavailable)
Stlth   +.........               e - amulet of guardian spirit
HPRegen 0.26/turn                (no ring)
MPRegen 0.08/turn                (no ring)

@: no status effects
A: large, unfitting armour, tough skin 1
a: no special abilities


You were on level 2 of the Dungeon.
You visited 1 branch of the dungeon, and saw 2 of its levels.

You collected 118 gold pieces.

Inventory:

Hand Weapons
 a - a +1 flail (weapon)
Armour
 b - a +0 robe (worn)
 c - a +0 kite shield (worn)
 q - a +0 cloak (worn)
Jewellery
 e - an amulet of guardian spirit (around neck)
Scrolls
 h - 2 scrolls of enchant weapon
 i - 3 scrolls of butterflies
 m - a scroll of poison
Potions
 d - 2 potions of might
 f - a potion of ambrosia
 g - a potion of flight
 j - a potion of heal wounds {unknown}
 l - a potion of degeneration {unknown}
 n - a potion of lignification {unknown}
 o - a potion of berserk rage {unknown}


   Skills:
 * Level 4.9 Fighting
 * Level 2.6 Maces & Flails
 + Level 3.0 Dodging
 - Level 3.0 Shields


You had 2 spell levels left.
You didn't know any spells.
Your spell library was empty.

Dungeon Overview and Level Annotations

Branches:
Dungeon (2/15)

Altars:
Uskayaw

Annotations:
D:2 Crazy Yiuf


Innate Abilities, Weirdness & Mutations

You are too large for most types of armour.
You have tough skin. (AC +1)


Message History

The worm bites you but does no damage.
You sock the worm!
The worm is heavily wounded.
The worm bites you.
You barely miss the worm.
The worm is heavily wounded.
The worm bites you!
You hit the worm.
The worm is heavily wounded.
You thump the worm!
You kill the worm!
No target in view!
No target in view!
No target in view!
No target in view!
No target in view!
No target in view!
No target in view!
Found a hammer.
Found a runed translucent door.
Crazy Yiuf shouts!
Crazy Yiuf grits, "Ghoul!"
You see here a +0 scale mail.
There is an escape hatch in the ceiling here.
Key pressed, stopping explore.
Crazy Yiuf shouts!
No reachable target in view!
As you open the door, it creaks loudly!
You hit Crazy Yiuf but do no damage.
Crazy Yiuf hits you with a +3 quarterstaff of chaos.
You thump Crazy Yiuf!
Crazy Yiuf is severely wounded.
Crazy Yiuf hits you with a +3 quarterstaff of chaos!
You resist with significant effort.
Crazy Yiuf zaps a wand.
The bolt of light hits you!
* * * LOW HITPOINT WARNING * * *
You hit Crazy Yiuf.
Crazy Yiuf is almost dead.
Crazy Yiuf grits, "Rot!"
Crazy Yiuf zaps a wand.
The bolt of light hits you!
You die...

..........##.#
..........##.##
.........###..#
#(......## ####
........#
........#######
............#.### ###
.............#..##...#
....).......####@g...#
...........## ###..)#
........#### ###
###.##.## ######..#
#.......# ###
#.......# #.#
#.._..#.#### #.#
#..........# #.#######


You could see Crazy Yiuf.

Vanquished Creatures
  2 adders (D:2)
  A worm (D:2)
  2 bats (D:2)
  3 endoplasms
  A giant cockroach (D:1)
  A goblin (D:1)
  3 hobgoblins
  A quokka (D:1)
  7 ball pythons
  2 frilled lizards
  4 kobolds
  4 rats
31 creatures vanquished.

Notes
Turn   | Place    | Note
-------+----------+-------------------------------------------
     0 | D:1      | vineage the Ogre Fighter began the quest for the Orb.
     0 | D:1      | Reached XP level 1. HP: 24/24 MP: 1/1
   241 | D:1      | Reached XP level 2. HP: 19/32 MP: 2/2
  1005 | D:2      | Found a hide-covered altar of Uskayaw.
  1080 | D:2      | Found a faded altar of an unknown god.
  1503 | D:2      | Reached XP level 3. HP: 27/40 MP: 3/3
  1890 | D:2      | Found a runed translucent door.
  1891 | D:2      | Noticed Crazy Yiuf
  1996 | D:2      | Killed from afar by Crazy Yiuf

Illustrated notes

Levels and vault maps discovered:
D:1:      eino_arrival_druids_welcome, layout_basic
D:2:      layout_rooms, basic_altar, hellmonk_ecumenical_altar_crossroads,
          minmay_vboxes, uniq_crazy_yiuf_cottage

Skill      XL: |  1  2  3 |
---------------+----------+-----
Maces & Flails | 2 |  2.6
Dodging        | 3 |  3.0
Fighting       | |  4.9
Shields        | |  3.0

Action                   || total
-------------------------++-------
Melee: Flail             ||   118
  Use: Scroll            ||     7
Armor: Robe              ||    60
Dodge: Dodged            ||    38
Block: Kite shield       ||    53

Table legend: (Time is in decaauts)
 A = Elapsed time spent in this place.
 B = Non-inter-level travel time spent in this place.
 C = Inter-level travel time spent in this place.
 D = Time resting spent in this place.
 E = Time spent auto-exploring this place.
 F = Levels seen in this place.
 G = Mean time per level.
                   A        B        C        D        E       F      G
               +--------+--------+--------+--------+--------+-----+--------+
         Total |   2044 |   2021 |     23 |    314 |   1379 |   2 | 1022.0 |
       Dungeon |   2044 |   2021 |     23 |    314 |   1379 |   2 | 1022.0 |
               +--------+--------+--------+--------+--------+-----+--------+

Top non-repeatable levels by time:
     D:2: 1157 daAuts
     D:1: 887 daAuts
